 Dungeon Crawl Stone Soup version 0.15.0-31-geb66e34 (webtiles) character file.

17384 Leibowitz the Hoplite (level 12, -4/107 HPs)
             Began as a Minotaur Fighter on Sept 12, 2014.
             Was the Champion of Okawaru.
             Slain by an alligator simulacrum (18 damage)
             ... in an ice cave.
             The game lasted 01:42:15 (14274 turns).

Leibowitz the Hoplite (Minotaur Fighter)           Turns: 14274, Time: 01:42:16

HP  -4/107       AC 19     Str 27      XL: 12   Next: 18%
MP   9/9         EV  8     Int  5      God: Okawaru [******]
Gold 272         SH 13     Dex 16      Spells:  0 memorised, 11 levels left

rFire  + . .     SeeInvis .     a - +1 war axe
rCold  . . .     Clarity  .     B - +4 plate armour
rNeg   + . .     rCorr    .     c - +0 shield
rPois  .         rRot     .     O - +1 hat of Wonder {rF+ rN+}
rElec  .         Spirit   .     t - +0 cloak
SustAb .         Warding  .     b - +0 pair of gloves
rMut   .         Stasis   .     x - +0 pair of boots (curse)
Gourm  .                        s - amulet of faith
MR     .....                    A - +4 ring of strength
                                N - +3 ring of dexterity

@: very slightly contaminated, not resistant to hostile enchantments, extremely
unstealthy
A: retaliatory headbutt, horns 2, deformed body, wild magic 1
a: Heroism, Finesse, Renounce Religion


You were in an ice cave.
You worshipped Okawaru.
Okawaru was exalted by your worship.
You were not hungry.

You visited 3 branches of the dungeon, and saw 14 of its levels.
You also visited: Ice Cave.

You collected 489 gold pieces.
You spent 217 gold pieces at shops.

Inventory:

Hand weapons
 a - a +1 war axe (weapon)
 r - the +8 mace of the Candle {crush, *Rage rElec SInv}
   (You found it on level 6 of the Dungeon)

   It inflicts extra damage upon your enemies.
   It insulates you from electricity.
   It enhances your eyesight.
   It may make you go berserk in combat.
 J - a +2 hand axe of flaming
Missiles
 f - 6 javelins of penetration
 o - 4 throwing nets
 p - 7 poisoned tomahawks (quivered)
 v - 4 curare-tipped needles
 y - 18 poisoned needles
Armour
 b - a +0 pair of gloves (worn)
 c - a +0 shield (worn)
 t - a +0 cloak (worn)
 x - a cursed +0 pair of boots (worn)
 B - a +4 plate armour (worn)
 O - the +1 hat of Wonder (worn) {rF+ rN+}
   (Okawaru gifted it to you on level 2 of the Lair of Beasts)

   It protects you from fire.
   It protects you from negative energy.
Magical devices
 h - a wand of slowing (13)
 z - a wand of teleportation (1)
 C - a wand of draining (0)
 E - a wand of disintegration (0)
 I - a wand of cold (0)
 K - a wand of teleportation (3)
Comestibles
 d - 7 bread rations
 j - 6 meat rations
 w - 10 royal jellies
Scrolls
 g - 4 scrolls of fog
 i - 2 scrolls of teleportation
 k - 8 scrolls of identify
 m - 8 scrolls of remove curse
 u - a scroll of enchant weapon
 D - a scroll of blinking
 M - a scroll of random uselessness
Jewellery
 q - a +3 ring of intelligence
 s - an amulet of faith (around neck)
 A - a +4 ring of strength (right hand)
 G - an uncursed amulet of resist mutation {unknown}
 L - an uncursed amulet of resist mutation {unknown}
 N - a +3 ring of dexterity (left hand)
Potions
 e - a potion of might
 l - 2 potions of agility
 n - 3 potions of restore abilities
 F - 2 potions of brilliance
 H - a potion of curing


   Skills:
 + Level 10.4 Fighting
 + Level 11.1 Axes
 + Level 4.6 Throwing
 + Level 11.1 Armour
 + Level 7.9 Dodging
 + Level 2.4 Stealth
 + Level 11.5 Shields
 + Level 0.2 Unarmed Combat
 + Level 0.4 Invocations
 + Level 2.4 Evocations


You had 11 spell levels left.
You didn't know any spells.

Dungeon Overview and Level Annotations

Branches:
Dungeon (11/15)            Temple (1/1) D:6             Orc (0/4) D:9
   Lair (2/8) D:11

Altars:
Ashenzari
Cheibriados
Dithmenos
Elyvilon
Fedhas
Kikubaaqudgha
Makhleb
Nemelex Xobeh
Okawaru
Qazlal
Sif Muna
Trog
Vehumet
Xom
Yredelemnul
Zin
The Shining One

Shops:
D:11 *

Portals:
Trove: D:11 (give +5 demon blade)


Innate Abilities, Weirdness & Mutations

You reflexively headbutt those who attack you in melee.
You have a pair of horns on your head.
Armour fits poorly on your strangely shaped body.
Your spells are a little harder to cast, but a little more powerful.


Message History

The alligator simulacrum barely resists.
This wand has 1 charge left.
Evoke which item? (* to show all) (? for menu, Esc to quit)
Zapping:
E - a wand of disintegration (1)
Press: ? - help, Shift-Dir - straight line, f/p - alligator simulacrum
Aim: an alligator simulacrum The alligator simulacrum barely resists.
This wand has 0 charges left.
Evoke which item? (* to show all) (? for menu, Esc to quit)
This wand has no charges.
You slash the polar bear simulacrum!
You headbutt the polar bear simulacrum, but do no damage.
You slash the polar bear simulacrum!
The polar bear simulacrum vapourises!
Okawaru accepts your kill.
Your plate armour prevents you from hitting the alligator simulacrum.
You hit the alligator simulacrum. The alligator simulacrum bites you.
* * * LOW HITPOINT WARNING * * *
The alligator simulacrum freezes you!!
You die...

#### ######..##
##..##....##
##@§........#
#..Z....∩.∩.#
....##.......#
##..#####....##
### ##..## ####


You could see an alligator simulacrum.

Vanquished Creatures
  3 unseen horrors
  Pikel (D:5)
  A hill giant (D:11)
  A griffon (D:10)
  A centaur skeleton (D:10)
  A two-headed ogre (D:8)
  A queen bee (D:10)
  A merfolk (shapeshifter) (D:9)
  4 trolls
  A slime creature (D:9)
  3 blink frogs (Lair:1)
  2 deep elf magi
  A water elemental (D:11)
  A wyvern (D:10)
  5 hippogriffs
  The ghost of ciphuk the Chopper, an average DDBe of Trog (D:3)
  14 yaks
  A hungry ghost (D:9)
  3 wargs (D:11)
  A death yak simulacrum (IceCv)
  3 water moccasins
  Edmund (D:5)
  3 porcupines
  6 ice beasts
  A sky beast (D:8)
  7 orc warriors
  2 phantoms
  2 slaves (D:5)
  6 ogres
  A necrophage (D:7)
  4 crocodiles
  2 manticore skeletons
  Duvessa (D:5)
  4 centaurs
  4 giant frogs
  A big kobold (D:9)
  6 scorpions
  31 killer bees
  4 electric eels (D:11)
  3 wights (D:6)
  2 giant frog zombies (D:5)
  A centaur zombie (D:6)
  Dowan (D:5)
  2 jellies
  4 crimson imps
  17 orc wizards
  6 hounds
  6 iguanas
  8 orc priests
  A polar bear simulacrum (IceCv)
  A two-headed ogre skeleton (D:9)
  3 worker ants
  A troll simulacrum (D:9)
  A wolf simulacrum (IceCv)
  Ijyb (D:2)
  A hound zombie (D:9)
  A hound skeleton (D:5)
  A mummy (D:11)
  4 gnolls
  25 green rats
  9 adders
  An inept item mimic (D:7)
  3 worms
  6 giant geckos
  55 orcs
  9 bats
  8 giant cockroaches
  10 goblins
  14 hobgoblins
  5 quokkas
  3 giant newts
  4 giant spores
  A hobgoblin skeleton (D:6)
  6 jackals
  A jackal zombie (D:9)
  16 kobolds
  27 rats
  4 ballistomycetes
408 creatures vanquished.

Vanquished Creatures (others)
  An orc wizard (D:11)
  An orc (D:11)
  3 giant spores
5 creatures vanquished.

Grand Total: 413 creatures vanquished

Notes
Turn   | Place    | Note
--------------------------------------------------------------
     0 | D:1      | Leibowitz, the Minotaur Fighter, began the quest for the Orb.
     0 | D:1      | Reached XP level 1. HP: 19/19 MP: 1/1
   168 | D:1      | Reached XP level 2. HP: 27/27 MP: 1/1
   185 | D:1      | Reached skill level 4 in Shields
   299 | D:1      | Reached XP level 3. HP: 30/33 MP: 2/2
   886 | D:2      | Noticed Ijyb
   895 | D:2      | Killed Ijyb
   895 | D:2      | Reached XP level 4. HP: 38/40 MP: 2/2
   945 | D:2      | Reached skill level 1 in Dodging
  1425 | D:3      | Reached skill level 5 in Shields
  1448 | D:3      | Reached XP level 5. HP: 31/46 MP: 2/2
  1485 | D:3      | Noticed a centaur
  1495 | D:3      | Killed a centaur
  1545 | D:3      | Noticed ciphuk's ghost (average DDBe)
  1581 | D:3      | Killed ciphuk's ghost
  1581 | D:3      | Reached skill level 5 in Armour
  1581 | D:3      | Reached XP level 6. HP: 12/53 MP: 3/3
  2266 | D:4      | Reached skill level 5 in Fighting
  2304 | D:4      | Found a blossoming altar of Fedhas.
  2759 | D:4      | Reached XP level 7. HP: 11/61 MP: 3/3
  3161 | D:5      | Entered Level 5 of the Dungeon
  3398 | D:5      | Noticed Dowan
  3405 | D:5      | Killed Dowan
  3412 | D:5      | Noticed Duvessa
  3450 | D:5      | Killed Duvessa
  3450 | D:5      | Reached skill level 5 in Axes
  3450 | D:5      | Reached skill level 6 in Shields
  3634 | D:5      | Noticed Edmund
  3646 | D:5      | Killed Edmund
  3708 | D:5      | Reached skill level 1 in Throwing
  3708 | D:5      | Reached XP level 8. HP: 57/70 MP: 3/3
  3818 | D:5      | Noticed Pikel
  3825 | D:5      | Killed Pikel
  3825 | D:5      | Reached skill level 7 in Shields
  3979 | D:5      | Reached skill level 5 in Dodging
  4457 | D:6      | Got a crystal mace
  4458 | D:6      | Identified the +8 mace of the Candle {crush, *Rage rElec SInv} (You found it on level 6 of the Dungeon)
  4519 | D:6      | Found a bloodstained altar of Trog.
  4559 | D:6      | Found a staircase to the Ecumenical Temple.
  4583 | Temple   | Entered the Ecumenical Temple
  4832 | Temple   | Became a worshipper of Warmaster Okawaru
  4922 | D:6      | Reached XP level 9. HP: 24/75 MP: 4/4
  5168 | D:6      | Identified a -2 rod of inaccuracy (10/10) (You found it on level 6 of the Dungeon)
  5198 | D:6      | Reached skill level 1 in Stealth
  5349 | D:6      | Reached skill level 8 in Shields
  5752 | D:7      | Acquired Okawaru's first power
  5820 | D:7      | Reached skill level 1 in Evocations
  6148 | D:7      | Found a stormy altar of Qazlal.
  6267 | D:7      | Got a smelly leather armour
  6268 | D:7      | Identified the +2 leather armour of Vexation {Dex-2 Int+3} (You found it on level 7 of the Dungeon)
  6483 | D:7      | Found an iron altar of Okawaru.
  7170 | D:8      | Found an ancient bone altar of Kikubaaqudgha.
  7276 | D:8      | Found a deep blue altar of Sif Muna.
  7337 | D:8      | Reached XP level 10. HP: 77/86 MP: 6/6
  7478 | D:8      | Found a white marble altar of Elyvilon.
  7887 | D:9      | Gained mutation: Armour fits poorly on your strangely shaped body. [potion of mutation]
  7887 | D:9      | Gained mutation: Your spells are a little harder to cast, but a little more powerful. [potion of mutation]
  7921 | D:9      | Reached skill level 9 in Shields
  8128 | D:9      | Noticed a wolf spider
  8855 | D:9      | Found a staircase to the Orcish Mines.
  9325 | D:10     | Entered Level 10 of the Dungeon
  9344 | D:10     | Noticed a griffon
  9357 | D:10     | Killed a griffon
  9359 | D:10     | Acquired Okawaru's second power
  9519 | D:10     | Received a gift from Okawaru
  9585 | D:10     | Reached XP level 11. HP: 82/95 MP: 7/7
  9603 | D:10     | Reached skill level 10 in Shields
 10309 | D:10     | Received a gift from Okawaru
 10340 | D:10     | HP: 2/97 [something (8)]
 10756 | D:10     | Killed an unseen horror
 10803 | D:10     | Killed an unseen horror
 10803 | D:10     | Reached skill level 10 in Axes
 10803 | D:10     | Reached skill level 10 in Armour
 11204 | D:11     | Noticed a hill giant
 11222 | D:11     | Killed a hill giant
 11222 | D:11     | Received a gift from Okawaru
 11252 | D:11     | Received a gift from Okawaru
 11317 | D:11     | Found a staircase to the Lair.
 11318 | D:11     | Received a gift from Okawaru
 11677 | D:11     | Killed an unseen horror
 11677 | D:11     | Reached skill level 11 in Shields
 12060 | D:11     | Upgraded the game from 0.15.0-29-ga8e3430 to 0.15.0-31-geb66e34
 12128 | D:11     | Received a gift from Okawaru
 12704 | D:11     | Found Phogud's Assorted Antiques.
 12713 | D:11     | Bought a scroll labeled IFERGH ISIFOSMU for 31 gold pieces
 12713 | D:11     | Bought a dented brass amulet for 155 gold pieces
 12713 | D:11     | Bought a scroll labeled SKACEG ARCHYI for 31 gold pieces
 13141 | D:11     | Found a portal to a secret trove of treasure.
 13251 | Lair:1   | Entered Level 1 of the Lair of Beasts
 13366 | Lair:1   | Reached skill level 10 in Fighting
 13520 | Lair:1   | Got a steaming cutlass
 13521 | Lair:1   | Identified the +5 cutlass of Pride {holy, rN+ SInv} (You found it on level 1 of the Lair of Beasts)
 14052 | Lair:2   | Reached XP level 12. HP: 106/106 MP: 9/9
 14118 | Lair:2   | Received a gift from Okawaru
 14119 | Lair:2   | Got a slimy hat {god gift}
 14132 | Lair:2   | Identified the +1 hat of Wonder {rF+ rN+} (Okawaru gifted it to you on level 2 of the Lair of Beasts)
 14205 | Lair:2   | Found a frozen archway.
 14254 | IceCv    | Entered an ice cave
 14274 | IceCv    | Slain by an alligator simulacrum

Action                   |  1- 3 |  4- 6 |  7- 9 | 10-12 || total
-------------------------+-------+-------+-------+-------++-------
Melee: War axe           |    92 |   136 |   390 |   640 ||  1258
       Unarmed           |       |       |       |    29 ||    29
Throw: Javelin           |       |       |    25 |    19 ||    44
       Tomahawk          |       |       |       |    29 ||    29
       Throwing net      |       |       |       |     1 ||     1
Invok: Heroism           |       |       |       |     1 ||     1
Evoke: Wand              |       |       |     8 |    18 ||    26
  Use: Potion            |       |       |     6 |     6 ||    12
       Scroll            |       |       |    10 |    10 ||    20
 Stab: Invisible         |       |       |     1 |       ||     1
       Held in net/web   |       |       |       |     2 ||     2
  Eat: Chunk             |       |     6 |     7 |       ||    13
       Beef jerky        |       |       |     1 |     7 ||     8
       Royal jelly       |       |       |     1 |     4 ||     5
       Bread ration      |       |       |     1 |     2 ||     3
